wizbiz, neutral female human Wizard --------------- ---- |...af........| --- ---- |l.| |...---------.--- ------ --.--- --..| ----..| --.iB| |...| |..|^----...)|----|..*|----....-- --- ---.| ---.--- |......|.....--..--.--|..|...------.| |.| |...| --..................---......--.|...-- |@| ------.--- |................--....---...(......-- |I| --...-|...| ---...(..............-----...........| |.| |.....---.--- |.........--..|.--.|---..--..--...-| --......-|...| --.|(........-------|..>....--|-...| d |........---.--------......--- ---- |.....--- |....-- ^ --.........|......| |..|.<.|----..---......| --....| ----.............---..|[---|......|.......-- |....| ---..................| --..........-...| --.--- ----..|........[)-------.............-| --- ---|....)..........................------- ----...........-------...............--..--- |...---.|...|..| ---...................| |..-- ---------- ---......---........| ---- ---.---- |..|.--.-- --- --------- wizbiz the Thaumaturge Experience level: 7 Strength: 11 Dexterity: 13 Constitution: 16 Intelligence: 18 Wisdom: 13 Charisma: 11 Health: 0(54) Energy: 60(62) Def: 5 Gold: 636 Moves: 7231 Dungeon seed: 9Repv5GyGvuy8TKW Game ID: wizbiz_1525897623 Your Inventory: Coins $ - 636 gold pieces Amulets o - an uncursed amulet of ESP (being worn) Weapons a - the rustproof +0 Magicbane (weapon in hand) f - 4 cursed +0 daggers l - a +0 bow m - 9 +0 arrows Armor e - an uncursed +0 cloak of magic resistance (being worn) q - an uncursed +0 pair of elven boots (being worn) y - a blessed +0 orcish helm (being worn) z - a blessed +1 pair of leather gloves (being worn) Scrolls p - an uncursed scroll of fire w - a blessed scroll of light S - an uncursed scroll of remove curse U - a blessed scroll of earth Potions h - an uncursed potion of booze F - a cursed potion of oil Q - an uncursed potion of healing X - a cursed potion of healing Rings c - an uncursed +2 ring of gain constitution (on left hand) d - an uncursed ring of warning (on right hand) k - a cursed ring of free action R - an uncursed ring of see invisible Wands b - a wand of lightning (0:5) M - a wand of fire (0:7) N - a wand of magic missile (0:0) P - a wand of magic missile (0:4) V - a wand of slow monster (0:7) Tools g - an uncursed blindfold n - a magic marker (0:29) E - an uncursed skeleton key O - 2 uncursed wax candles (0:400) T - 9 uncursed tallow candles (0:200) Gems j - an uncursed worthless piece of blue glass r - 2 uncursed worthless pieces of violet glass t - an uncursed worthless piece of white glass W - an uncursed flint stone Y - an uncursed worthless piece of black glass Spells and supernatural/magical abilities: Name Level Category Fail Memory a - force bolt 1 attack 0% 64% e - charm monster 3 enchantment 1% 64% f - fireball 4 attack 74% 77% i - invisibility 4 escape 100% 67% j - jumping 1 escape 0% 64% l - light 1 divination 0% 79% W - pray for help -- divine ? -- Your skills at the end: Fighting Skills Weapon Skills quarterstaff [Skilled] Spellcasting Skills attack spells [Basic] enchantment spells [Basic] Final Attributes: You were piously aligned. You were magic-protected. You were blinded. You were telepathic. You were warned. You were stealthy. You are dead. Vanquished creatures: 4 wolves a dust vortex a raven 4 human zombies a rope golem 2 rock piercers a rock mole a yellow light a shrieker 6 gnome lords a black naga hatchling a straw golem a little dog a floating eye a kitten 4 dwarves 3 homunculi 2 kobold shamans 8 hill orcs 6 rothes a centipede 4 orc zombies a dwarf zombie 4 iguanas 8 killer bees 2 acid blobs a coyote 3 gas spores 4 hobbits 2 manes 3 large kobolds 3 giant rats 4 cave spiders 2 brown molds 4 yellow molds a red mold 17 gnomes 2 gnome zombies 5 geckos 9 jackals 3 foxes 2 kobolds 2 goblins 7 sewer rats 13 grid bugs 3 bats 6 lichens 5 kobold zombies 13 newts 184 creatures vanquished. Voluntary challenges: You used a wielded weapon 145 times, starting on turn 6. You read items or engraved 32 times, starting on turn 21. You never genocided any monsters. You never polymorphed an object. You never changed form. You used no wishes. You never split a pudding. You never wrote Elbereth's name. You violated your moral code, losing 24 points of alignment, starting on turn 3377. Dungeon overview: The Dungeons of Doom: levels 1 to 7 Level 1 a long staircase Level 2 (vault) an altar to Thoth Level 3 some fountains Level 4 stairs to The Gnomish Mines Level 5 (left upper corner) a general store Level 6 many fountains Level 7 The Gnomish Mines: levels 5 to 6 Level 5 stairs to The Dungeons of Doom Level 6 <- You were here History has recorded: On T:1 you entered the Dungeons of Doom to retrieve the Amulet of Yendor! On T:136 you reached level 2 of The Dungeons of Doom. On T:970 you advanced to experience level 2. On T:1149 you advanced to experience level 3. On T:1549 you reached level 3 of The Dungeons of Doom. On T:1645 you reached level 4 of The Dungeons of Doom. On T:2158 you advanced to experience level 4. On T:2173 you reached level 1 of The Gnomish Mines. On T:2754 you reached level 5 of The Dungeons of Doom. On T:2768 you reached level 6 of The Dungeons of Doom. On T:3421 you advanced to experience level 5. On T:3728 you reached level 7 of The Dungeons of Doom. On T:4237 you advanced to experience level 6. On T:5139 you advanced to experience level 7. On T:5880 you received Magicbane from Thoth. On T:6202 you reached level 2 of The Gnomish Mines. Score breakdown: Gold: 636 ( 9538 points) Experience: 7 levels (13645 points) Exploration: 7 levels ( 14.89%) (10834 points) Discoveries: 10 items ( 3.47%) ( 5590 points) Valuables value: (no points given unless you survive) Artifact value: 3500 (12056 points) Variety of kills: 49 monsters ( 12.86%) (10758 points) Turncount: 7231 turns (-1899 points) Survival: died (score multiplied by 80%) Total score: 48417 Latest messages: You feel that Thoth is well-pleased. The magic missile hits the giant bat! The magic missile hits the imp! The giant bat bites! It hits! (2x) The giant bat bites! Your candle is consumed! Never mind. You scribble on the floor with a magic marker (0:33). The giant bat bites! You feel an absence of magical power. It hits! You die... Final status: Goodbye wizbiz the Wizard, killed by a gold golem... You died in The Gnomish Mines on dungeon level 6 with 48417 points, and 636 pieces of gold, after 7231 moves. You were level 7 with a maximum of 54 hit points when you died.